Map: [ESL] Moondance

Players

Reynor

  • Race: Zerg Zerg
  • Spawn Location: 6:00

Maru - Winner!

  • Race: Terran Terran
  • Spawn Location: 12:00

Event: DreamHack SC2 Masters 2022 Valencia

VOD

https://youtu.be/Z7RWyHSArys

Description

Time

  • Played on: July 3, 2022, 10:17 a.m.
  • Length: 29:24

All games in this series

Show
View Real Time Build Order
Export as new Build Order

Reynor Zerg 

Build Orders: Hatch First, Swarm Host 

Get SALT Encoding   

  12  0:00  Drone  
  13  0:11  Overlord  
  13  0:16  Drone  
  14  0:30  Drone x2  
  16  0:47  Hatchery  
  15  0:50  Drone  
  15  0:54  Drone  
  17  0:58  Drone  
  18  1:08  Extractor  
  17  1:13  Spawning Pool  
  17  1:16  Drone  
  17  1:20  Drone  
  18  1:27  Drone  
  19  1:38  Drone  
  20  1:48  Overlord  
  20  2:00  Queen x2, Zergling x4  
  26  2:10  Zergling x2  
  26  2:11  Drone  
  28  2:23  Drone x2  
  28  2:29  Metabolic Boost  
  30  2:33  Drone x2  
  32  2:42  Hatchery  
  30  2:44  Drone  
  31  2:51  Overlord  
  31  2:53  Drone x2  
  33  3:00  Queen  
  35  3:10  Drone x3  
  35  3:11  Drone x2  
  40  3:15  Overlord  
  40  3:18  Drone  
  41  3:22  Queen  
  43  3:33  Drone  
  44  3:34  Overlord  
  44  3:36  Drone  
  44  3:39  Drone  
  44  3:41  Queen  
  48  3:43  Drone x2  
  48  3:44  Drone  
  51  3:50  Overlord  
  51  3:52  Drone  
  51  3:54  Queen  
  55  3:55  Drone  
  55  3:57  Drone  
  55  4:01  Queen  
  58  4:03  Drone  
  58  4:06  Drone  
  58  4:09  Drone  
  61  4:15  Zergling x6  
  61  4:16  Overlord  
  64  4:19  Drone  
  64  4:20  Drone  
  64  4:23  Queen  
  68  4:26  Baneling Nest, Drone  
  68  4:29  Overlord  
  68  4:30  Zergling x4  
  70  4:32  Drone  
  70  4:36  Queen  
  70  4:38  Overlord  
  73  4:40  Drone  
  73  4:43  Overlord  
  74  4:48  Drone, Queen  
  74  4:51  Drone  
  74  4:52  Drone  
  79  4:55  Overlord  
  79  4:56  Drone x2  
  79  4:58  Drone  
  82  5:02  Drone  
  82  5:04  Overlord  
  82  5:05  Drone x3  
  86  5:09  Spore Crawler  
  86  5:10  Lair  
  86  5:12  Extractor  
  86  5:13  Baneling x3  
  84  5:15  Overlord  
  84  5:17  Spore Crawler, Drone x3  
  84  5:20  Drone  
  87  5:21  Drone  
  87  5:25  Overlord  
  88  5:29  Overlord  
  88  5:33  Drone x2  
  88  5:35  Overlord  
  90  5:37  Drone  
  90  5:39  Spore Crawler  
  90  5:42  Queen  
  90  5:45  Hatchery  
  90  5:46  Drone x4  
  90  5:47  Drone  
  90  5:48  Overlord  
  95  5:52  Drone  
  95  5:54  Extractor  
  95  5:55  Extractor  
  95  5:56  Extractor  
  95  5:57  Overlord, Baneling x2  
  93  5:58  Drone x2  
  93  6:01  Queen  
  93  6:03  Overlord  
  97  6:05  Drone x2  
  97  6:07  Drone  
  97  6:08  Drone  
  97  6:10  Overlord  
  97  6:11  Drone  
  100  6:13  Drone x2  
  100  6:16  Extractor  
  101  6:19  Overlord  
  101  6:20  Drone  
  101  6:22  Overlord  
  102  6:27  Evolution Chamber  
  102  6:29  Roach Warren, Drone  
  102  6:31  Queen x2  
  102  6:32  Drone  
  106  6:33  Overlord  
  106  6:35  Drone x2  
  106  6:39  Overlord  
  108  6:43  Drone x2  
  109  6:49  Overlord  
  109  6:56  Drone x2  
  109  6:57  Zerg Missile Weapons Level 1  
  109  6:58  Infestation Pit  
  109  6:59  Queen  
  109  7:01  Extractor, Drone x4  
  116  7:02  Overlord  
  116  7:03  Extractor  
  114  7:09  Queen x2  
  114  7:10  Overlord  
  114  7:12  Queen  
  120  7:16  Drone x4  
  120  7:21  Overlord  
  122  7:27  Overlord  
  122  7:31  Drone x5  
  122  7:34  Overlord  
  127  7:41  Swarm Host  
  127  7:42  Swarm Host x7  
  151  7:46  Drone x2  
  151  7:47  Swarm Host x2  
  158  7:58  Swarm Host  
  158  7:59  Swarm Host x5  
  158  8:03  Swarm Host x3  
  185  8:07  Overlord  
  185  8:09  Swarm Host x2  
  191  8:14  Nydus Network  
  191  8:15  Spore Crawler  
  191  8:16  Drone x3  
  192  8:22  Roach x4  
  200  8:31  Spire  
  200  8:32  Drone  
  200  8:33  Spore Crawler  
  198  8:53  Hatchery  
  195  8:59  Queen x3  
  195  9:02  Ravager x2  
  199  9:03  Ravager x2  
  194  9:17  Nydus Canal  
  194  9:24  Zergling x12  
  194  9:25  Pneumatized Carapace  
  188  9:53  Corruptor x8  
  188  9:58  Zerg Missile Weapons Level 2  
  198  10:03  Baneling  
  198  10:04  Baneling x11  
  198  10:09  Overseer  
  190  10:14  Drone  
  190  10:15  Drone  
  190  10:17  Drone  
  190  10:19  Nydus Canal  
  188  10:23  Drone x2  
  188  10:35  Roach x6  
  200  10:37  Nydus Canal  
  200  10:56  Spine Crawler, Nydus Canal  
  199  10:57  Extractor  
  199  10:58  Extractor  
  199  10:59  Spine Crawler  
  199  11:00  Spore Crawler  
  199  11:01  Centrifugal Hooks  
  195  11:17  Roach x4  
  197  11:23  Roach x5, Glial Reconstitution  
  197  11:26  Drone x3  
  197  11:28  Evolution Chamber  
  197  11:29  Drone  
  200  11:36  Overseer  
  200  11:41  Hatchery  
  191  12:02  Zergling x22  
  191  12:06  Zergling x8  
  200  12:10  Nydus Canal  
  200  12:15  Zerg Melee Weapons Level 1  
  200  12:16  Hive  
  200  12:28  Nydus Canal  
  200  12:30  Baneling  
  200  12:31  Baneling x15  
  200  12:49  Ravager x4  
  199  12:59  Spire, Zerg Flyer Weapons Level 1  
  199  13:02  Ravager  
  199  13:03  Nydus Canal  
  197  13:19  Zergling x8  
  197  13:33  Zergling x22  
  187  13:37  Roach x3  
  187  13:38  Roach, Zergling x12  
  188  13:41  Roach x5  
  188  13:42  Roach x3  
  188  13:43  Corruptor x3  
  188  13:47  Zerg Missile Weapons Level 3  
  200  13:53  Nydus Canal  
  200  13:55  Baneling x19  
  200  13:58  Overseer  
  179  14:18  Zergling x2  
  179  14:19  Zergling x32  
  179  14:22  Corruptor x6  
  179  14:23  Corruptor  
  192  14:27  Ravager x5  
  192  14:28  Zergling x4  
  199  14:32  Nydus Canal  
  199  14:43  Baneling x17  
  181  15:04  Roach, Mutalisk  
  181  15:05  Roach x12  
  199  15:14  Nydus Canal  
  199  15:15  Zerg Melee Weapons Level 2  
  199  15:16  Zerg Flyer Weapons Level 2  
  199  15:19  Zerg Flyer Armor Level 1  
  199  15:21  Overseer  
  199  15:24  Zergling x24  
  199  15:28  Zergling x10  
  197  15:35  Ravager  
  189  16:02  Zergling x22  
  200  16:06  Baneling  
  200  16:07  Baneling x17  
  198  16:18  Baneling x9  
  183  16:21  Zergling x26  
  190  16:29  Drone x5  
  190  16:31  Drone x3  
  198  16:35  Drone x2  
  161  16:54  Corruptor x2  
  161  16:55  Corruptor x4  
  168  17:03  Nydus Canal  
  168  17:04  Corruptor x2  
  168  17:05  Corruptor  
  168  17:08  Zergling x10  
  179  17:10  Extractor  
  179  17:14  Queen  
  178  17:16  Queen x2  
  178  17:19  Greater Spire  
  178  17:21  Drone x2  
  178  17:22  Hatchery  
  183  17:27  Overseer  
  183  17:33  Baneling x10  
  183  17:39  Nydus Canal  
  183  17:47  Pathogen Glands  
  183  17:49  Drone x2  
  183  17:50  Drone x2  
  187  17:51  Spore Crawler x2  
  187  17:53  Spore Crawler  
  187  17:57  Zerg Flyer Weapons Level 3  
  176  18:04  Spore Crawler  
  176  18:05  Spore Crawler  
  174  18:07  Spore Crawler  
  174  18:09  Infestor x3  
  174  18:11  Ravager  
  174  18:12  Ravager x4  
  184  18:13  Zergling x20  
  192  18:21  Roach, Zergling x2  
  192  18:22  Zergling x16  
  187  18:27  Zergling x22  
  196  18:40  Baneling x8  
  196  18:41  Baneling x7  
  194  18:42  Overlord x2  
  194  18:44  Overlord  
  188  18:49  Baneling x5  
  188  18:50  Overseer  
  188  18:51  Overlord  
  188  19:06  Hatchery  
  187  19:11  Baneling x10  
  187  19:14  Overlord x4  
  175  19:26  Brood Lord  
  175  19:29  Overlord  
  175  19:30  Overlord  
  175  19:31  Overlord  
  173  19:34  Brood Lord x13  
  199  19:44  Infestor x3  
  199  19:48  Corruptor x4  
  199  19:49  Hatchery  
  198  20:03  Overseer  
  198  20:05  Overseer  
  197  20:14  Hatchery  
  194  20:15  Hatchery  
  194  20:20  Corruptor x4  
  194  20:21  Corruptor  
  179  20:24  Hatchery  
  178  20:32  Infestor x2  
  176  20:59  Brood Lord x3  
  176  21:03  Brood Lord x2  
  186  21:15  Corruptor x2  
  190  21:18  Corruptor  
  192  21:29  Corruptor x2  
  192  21:30  Overseer  
  196  21:34  Spore Crawler  
  196  21:37  Brood Lord  
  196  21:49  Brood Lord  
  198  21:54  Drone  
  198  21:55  Extractor  
  198  21:56  Extractor  
  198  21:57  Extractor x2  
  198  21:59  Drone  
  198  22:00  Drone x2  
  198  22:01  Spore Crawler  
  197  22:02  Extractor x2  
  197  22:05  Brood Lord  
  193  22:10  Spore Crawler  
  193  22:11  Zergling x14  
  193  22:12  Spore Crawler  
  193  22:13  Spore Crawler  
  197  22:21  Spore Crawler x2  
  195  22:28  Corruptor  
  193  22:33  Corruptor  
  191  22:40  Corruptor  
  193  22:44  Zergling x12  
  199  22:56  Zerg Flyer Armor Level 2  
  193  23:13  Corruptor x2  
  193  23:19  Corruptor x2  
  190  23:21  Zergling x14  
  190  23:22  Zergling x16  
  190  23:25  Hatchery  
  197  23:29  Burrow  
  197  23:40  Zergling x18  
  196  23:49  Corruptor x3  
  196  23:54  Drone x5  
  198  24:06  Drone  
  199  24:22  Hatchery  
  193  24:35  Infestor  
  193  24:36  Infestor x2  
  187  24:38  Corruptor  
  187  24:39  Corruptor x2  
  186  24:46  Nydus Canal  
  186  24:49  Zergling x18  
  186  24:50  Zergling x2  
  196  24:57  Drone x2  
  195  25:18  Hatchery  
  194  25:21  Corruptor x3  
  200  25:37  Hatchery  
  200  25:39  Hatchery  
  192  25:53  Brood Lord x2  
  188  25:58  Drone x3  
  188  25:59  Queen  
  188  26:02  Extractor  
  192  26:08  Brood Lord  
  193  26:17  Zergling x14  
  199  26:19  Infestor x10  
  197  26:29  Drone x5  
  197  26:32  Brood Lord  
  190  26:33  Brood Lord  
  190  26:34  Queen x3  
  198  26:53  Zergling x4  
  200  26:58  Overlord  
  200  27:00  Overseer  
  184  27:21  Corruptor x4  
  192  27:39  Zergling x14  
  195  27:50  Brood Lord, Corruptor  
  195  27:54  Zergling x10  
  200  28:02  Extractor  
  200  28:03  Extractor  
  198  28:08  Brood Lord  
  198  28:12  Spore Crawler  
  199  28:13  Spore Crawler  
  194  28:26  Corruptor  
  178  28:33  Zergling x8  
  178  28:34  Zergling x18  
  172  28:38  Corruptor  
  172  28:41  Zergling x22  
  173  28:48  Zergling x6  
  173  28:53  Drone x19  
  159  29:00  Zergling x8  
  133  29:11  Hatchery  
Show
View Real Time Build Order
Export as new Build Order

Maru Terran - Winner!

Build Orders: Reaper Expand, Mech 

Get SALT Encoding   

  12  0:00  SCV  
  13  0:12  SCV  
  14  0:17  Supply Depot  
  14  0:24  SCV  
  15  0:38  SCV  
  15  0:39  Barracks  
  16  0:43  Refinery  
  16  0:50  SCV  
  17  1:02  SCV  
  18  1:14  SCV  
  19  1:27  Orbital Command, Reaper  
  20  1:39  Command Center  
  20  1:50  Supply Depot  
  20  1:53  SCV  
  21  1:59  Marine  
  22  2:05  SCV  
  23  2:14  Factory  
  23  2:17  SCV  
  23  2:21  Barracks Reactor  
  24  2:29  SCV  
  25  2:41  SCV  
  25  2:42  Command Center  
  26  2:50  Orbital Command  
  26  2:53  SCV  
  27  2:58  Starport  
  27  3:04  Refinery  
  27  3:06  SCV  
  32  3:12  Hellion  
  32  3:13  Hellion  
  32  3:17  SCV  
  32  3:18  SCV  
  34  3:24  Refinery  
  34  3:29  SCV  
  34  3:31  SCV  
  36  3:34  Viking  
  36  3:38  Hellion  
  36  3:40  Hellion  
  42  3:43  SCV  
  42  3:44  SCV  
  44  3:54  Barracks Reactor, Supply Depot  
  44  3:55  SCV  
  45  3:58  Fusion Core  
  45  4:01  Barracks Tech Lab  
  45  4:04  SCV  
  45  4:07  SCV  
  47  4:10  Hellion x2  
  47  4:14  Orbital Command  
  51  4:19  Supply Depot  
  51  4:20  SCV  
  52  4:28  SCV  
  53  4:32  SCV  
  54  4:39  Refinery  
  54  4:40  SCV  
  54  4:41  SCV  
  54  4:44  SCV  
  57  4:47  Battlecruiser  
  57  4:52  SCV  
  64  4:53  Supply Depot  
  64  4:55  Hellion  
  64  4:56  SCV  
  64  4:57  SCV  
  68  5:04  SCV  
  69  5:09  SCV  
  69  5:11  Factory  
  69  5:12  Factory  
  69  5:13  SCV  
  71  5:16  SCV, Supply Depot  
  71  5:18  Hellion x2  
  76  5:21  SCV  
  76  5:27  SCV  
  78  5:30  Refinery  
  78  5:33  Armory  
  78  5:34  SCV, Armory  
  79  5:39  SCV x2  
  81  5:46  SCV  
  82  5:51  SCV x2  
  82  5:54  Battlecruiser  
  90  5:57  Factory Tech Lab x2  
  90  5:58  SCV  
  90  6:02  Supply Depot  
  90  6:03  SCV x2  
  93  6:10  SCV  
  92  6:15  SCV  
  92  6:16  SCV  
  92  6:19  Command Center  
  92  6:21  Supply Depot x2  
  92  6:22  SCV  
  92  6:23  Terran Vehicle And Ship Armor Level 1, Terran Vehicle Weapons Level 1  
  93  6:27  SCV  
  93  6:28  SCV  
  93  6:29  Siege Tank  
  98  6:33  Siege Tank  
  101  6:40  Supply Depot  
  101  6:43  Hellion x2, SCV  
  104  6:49  SCV  
  104  6:50  SCV  
  106  6:55  SCV  
  106  6:59  Weapon Refit  
  106  7:00  Supply Depot  
  107  7:01  Siege Tank  
  107  7:03  Supply Depot  
  107  7:04  Hellion x2  
  107  7:05  Siege Tank  
  117  7:15  Supply Depot  
  117  7:16  Supply Depot  
  117  7:17  Battlecruiser  
  117  7:22  SCV  
  124  7:24  SCV  
  124  7:28  SCV  
  124  7:30  Hellion x2  
  124  7:33  Siege Tank  
  124  7:36  Engineering Bay  
  131  7:38  SCV x2  
  133  7:45  SCV  
  133  7:49  Siege Tank  
  137  7:52  Hellion x2  
  137  7:54  Orbital Command  
  141  8:01  Refinery  
  141  8:04  Refinery  
  141  8:05  Siege Tank  
  141  8:08  Infernal Pre-Igniter  
  141  8:10  SCV x2  
  146  8:13  Hellion x2, Supply Depot  
  146  8:16  Missile Turret x2  
  146  8:18  Missile Turret  
  150  8:22  Siege Tank, Missile Turret  
  150  8:25  Terran Vehicle Weapons Level 2  
  151  8:33  Sensor Tower  
  151  8:35  SCV x2  
  151  8:36  SCV x2  
  151  8:38  Command Center  
  151  8:39  Hellion x3  
  161  8:45  Terran Vehicle And Ship Armor Level 2  
  161  8:46  Missile Turret  
  158  8:56  Siege Tank  
  158  9:01  Hellion x2, Siege Tank  
  156  9:06  Command Center  
  156  9:07  Factory  
  156  9:08  Factory  
  156  9:19  Missile Turret  
  156  9:21  Battlecruiser  
  156  9:22  SCV x3  
  165  9:28  Hellion x2, Siege Tank  
  172  9:33  Hellion  
  154  9:49  Hellion  
  155  9:52  Factory Tech Lab  
  155  9:53  Factory Reactor  
  155  9:54  Siege Tank  
  155  9:59  Hellion, Missile Turret  
  160  10:00  Siege Tank, Missile Turret  
  160  10:02  SCV  
  160  10:03  SCV x3  
  167  10:11  Hellion  
  169  10:15  SCV x3  
  169  10:19  Planetary Fortress  
  169  10:20  Hellion  
  173  10:31  Mag-Field Accelerator  
  173  10:32  Hellion  
  173  10:33  SCV x2  
  171  10:42  Hellion, Missile Turret  
  168  10:43  Cyclone x3  
  168  10:45  Orbital Command  
  168  10:46  Factory, Missile Turret  
  168  10:48  Factory  
  174  10:50  Factory  
  174  10:52  Terran Vehicle Weapons Level 3  
  174  10:53  Missile Turret  
  174  10:57  Refinery  
  174  10:58  Refinery  
  174  11:02  Hellion x2  
  174  11:03  Hellion x2  
  182  11:04  Missile Turret  
  180  11:15  Cyclone x3  
  154  11:20  SCV  
  154  11:24  Hellion x3  
  154  11:25  Hellion  
  160  11:31  Hellion  
  162  11:33  Hellion  
  162  11:35  Terran Vehicle And Ship Armor Level 3  
  162  11:37  SCV x2  
  166  11:46  SCV x2  
  168  11:47  Siege Tank, Cyclone  
  168  11:48  Siege Tank  
  168  11:49  SCV, Missile Turret  
  168  11:53  Hellion  
  180  11:55  Hellion  
  180  11:59  Hellion x2  
  184  12:05  Hellion  
  184  12:06  Hellion  
  184  12:07  Hellion  
  179  12:19  Siege Tank  
  179  12:20  Hellion, Siege Tank x2  
  190  12:35  Sensor Tower  
  190  12:49  Factory Tech Lab x3  
  188  12:52  Siege Tank x3  
  188  12:53  Barracks x2  
  188  12:54  Barracks  
  188  12:55  Barracks  
  188  12:56  Ghost Academy  
  197  13:01  Raven  
  199  13:06  Factory Tech Lab  
  199  13:07  Missile Turret  
  199  13:08  Missile Turret  
  199  13:09  Missile Turret  
  189  13:24  Siege Tank x3  
  198  13:30  Siege Tank x3  
  198  13:31  Hellion x3  
  160  13:45  Hellion, Missile Turret  
  160  13:46  Barracks Tech Lab x2, Missile Turret  
  160  13:47  Barracks Tech Lab x2, Personal Cloaking  
  160  13:48  Barracks Tech Lab  
  162  13:49  Terran Infantry Armor Level 1  
  162  13:51  Engineering Bay  
  162  13:52  Hellion x3, Battlecruiser  
  174  14:04  Command Center  
  174  14:05  Sensor Tower  
  174  14:07  Hellion  
  174  14:09  Hellion  
  178  14:14  Hellion x3  
  173  14:17  Hellion x3  
  173  14:20  Siege Tank  
  173  14:22  Ghost  
  173  14:23  Ghost x4  
  182  14:31  Missile Turret  
  182  14:33  Missile Turret  
  182  14:41  Smart Servos  
  182  14:44  Terran Infantry Weapons Level 1  
  182  14:51  Ghost x5  
  188  15:05  Siege Tank  
  188  15:06  Siege Tank, Hellbat  
  178  15:09  Missile Turret, Sensor Tower  
  178  15:10  Missile Turret  
  178  15:12  Medivac  
  180  15:19  Ghost  
  182  15:32  Hellion x4  
  190  15:37  Command Center  
  190  15:42  Medivac  
  192  15:49  Engineering Bay  
  192  15:52  Engineering Bay  
  164  15:58  Siege Tank  
  164  16:00  Armory  
  166  16:23  Hellion x5  
  170  16:27  Medivac  
  170  16:31  Ghost  
  170  16:32  Ghost x3  
  180  16:53  Siege Tank x2  
  174  16:54  Hellbat  
  174  16:59  Thor x3  
  196  17:02  Medivac  
  198  17:15  Missile Turret  
  198  17:16  Missile Turret  
  198  17:17  Sensor Tower  
  198  17:24  Terran Infantry Armor Level 2, Terran Infantry Weapons Level 2  
  198  17:33  Medivac  
  198  17:34  Planetary Fortress  
  200  17:42  Missile Turret  
  199  17:45  Refinery x2  
  199  17:46  Refinery  
  199  17:48  Terran Ship Weapons Level 1  
  198  18:00  Orbital Command  
  198  18:04  Thor  
  194  18:20  Command Center x2  
  191  18:29  Thor  
  195  18:47  Enhanced Shockwaves  
  195  18:52  Siege Tank  
  195  18:53  Hellbat  
  197  19:07  Hellbat  
  199  19:20  Command Center  
  199  19:21  Command Center  
  197  19:41  Terran Infantry Weapons Level 3  
  197  19:42  Terran Infantry Armor Level 3  
  197  19:47  Orbital Command x2  
  197  19:55  Command Center  
  197  20:00  Medivac  
  194  20:19  Terran Ship Weapons Level 2  
  178  20:33  Thor x5  
  178  20:34  Hellbat  
  200  20:48  Battlecruiser  
  190  20:57  Hellbat x2  
  190  21:04  Ghost x3  
  200  21:14  Command Center  
  200  21:17  Orbital Command  
  200  21:22  Refinery  
  200  21:32  Refinery  
  200  21:38  Command Center  
  200  21:39  Sensor Tower  
  200  22:02  Thor  
  200  22:20  Command Center  
  200  22:22  Neosteel Armor  
  200  22:26  Orbital Command  
  196  22:33  Ghost x2  
  198  22:42  Nuke  
  198  22:59  Hellbat  
  198  23:02  Terran Ship Weapons Level 3  
  195  23:28  Hellbat x2  
  195  23:33  Command Center  
  199  23:34  Command Center  
  199  23:37  Thor  
  199  23:38  Hellbat  
  195  23:43  Ghost x5  
  190  24:00  Nuke  
  190  24:06  Orbital Command, Planetary Fortress  
  190  24:08  Orbital Command  
  190  24:11  Ghost x4  
  190  24:12  Ghost  
  200  24:18  Refinery  
  200  24:25  Refinery  
  200  25:11  Planetary Fortress  
  200  25:23  Refinery  
  200  25:24  Command Center  
  200  25:25  Refinery  
  200  25:40  Sensor Tower  
  200  25:49  Battlecruiser  
  188  26:00  Hellbat  
  188  26:01  Hellbat x5  
  200  26:07  Command Center  
  194  26:31  Thor  
  200  26:52  Command Center  
  200  27:13  Hellbat x2  
  200  27:17  Orbital Command  
  198  27:28  Orbital Command  
  190  27:31  Orbital Command  
  190  27:39  Hellbat x2  
  192  27:55  Orbital Command  
  192  28:04  Orbital Command  
  189  28:26  Ghost  
  189  28:27  Ghost  
  181  28:33  Ghost  
  181  28:34  Ghost x2  
  169  28:39  Thor, Hellbat  
  169  28:40  Thor x4, Hellbat x3  
  193  28:55  Ghost x2  
  175  29:03  Hellbat  

Tags
 
Add a new tag
Caveats
  • Supply blocks, unpowered buildings, or Contaminate may cause inaccurate times.
  • Supply counts are checked every 10 seconds.